 Dungeon Crawl Stone Soup version 0.29.0-15-g675c0067aa (webtiles) character file.

Game seed: 2880031847178607886

65 xian the Shield-Bearer (level 3, -2/36 HPs)
             Began as a Troll Fighter on Sept 12, 2022.
             Slain by a kobold
             ... wielding a +0 short sword
              (3 damage)
             ... on level 2 of the Dungeon.
             The game lasted 00:03:53 (835 turns).

xian the Shield-Bearer (Troll Fighter)               Turns: 835, Time: 00:03:53

Health: -2/36      AC:  4    Str: 26    XL:     3   Next: 94%
Magic:  11/11      EV:  8    Int:  4    God:
Gold:   137        SH:  7    Dex:  9    Spells: 2/2 levels left

rFire   . . .      SeeInvis .     - Unarmed
rCold   . . .      Faith    .   b - +0 kite shield
rNeg    . . .      Spirit   .   a - +0 robe
rPois   .          Reflect  .   (helmet restricted)
rElec   .          Harm     .   (no cloak)
rCorr   .          Rampage  .   (gloves unavailable)
Will    .....                   (boots unavailable)
Stlth   +.........              (no amulet)
HPRegen 0.92/turn               k - ring of magical power
MPRegen 0.12/turn               (no ring)

@: no status effects
A: large, unfitting armour, claws 3, regeneration 1, shaggy fur 1, tough skin 1
a: no special abilities


You were on level 2 of the Dungeon.
You visited 1 branch of the dungeon, and saw 2 of its levels.

You collected 137 gold pieces.

Inventory:

Missiles
 d - 3 boomerangs (quivered)
Armour
 a - a +0 robe (worn)
 b - a +0 kite shield (worn)
Jewellery
 k - a ring of magical power (left claw)
Scrolls
 e - 2 scrolls of identify {unknown}
 g - a scroll of teleportation {unknown}
 i - a scroll of poison {unknown}
Potions
 c - a potion of might
 f - a potion of flight {unknown}
 h - a potion of ambrosia {unknown}
 j - a potion of curing


   Skills:
 + Level 2.6 Fighting
 + Level 2.9 Dodging
 + Level 3.3 Shields
 * Level 2.9 Unarmed Combat


You had 2 spell levels left.
You didn't know any spells.
Your spell library was empty.

Dungeon Overview and Level Annotations

Branches:
Dungeon (2/15)

Altars:


Innate Abilities, Weirdness & Mutations

You are too large for most types of armour.
You have claws for hands.
Your natural rate of healing is unusually fast.
You are covered in fur. (AC +1)
You have tough skin. (AC +1)


Message History

A kobold and a gnoll come into view.
The kobold shouts!
The gnoll shouts!
A gnoll comes into view. It is wielding a +0 whip.
The kobold throws a stone.
The stone hits you but does no damage.
The gnoll hits you from afar with a +0 halberd.
The gnoll barely misses you.
The gnoll shouts!
You block the gnoll's attack. The gnoll barely misses you.
You scratch the gnoll.
The gnoll is lightly wounded.
You block the gnoll's attack. The gnoll hits you with a +0 halberd!
The gnoll hits you but does no damage. You block the gnoll's attack.
The gnoll barely misses you. The kobold hits you but does no damage.
You claw the gnoll!
You kill the gnoll!
The gnoll hits you from afar with a +0 halberd.
The kobold hits you with a +0 short sword.
The gnoll hits you with a +0 spear. The kobold hits you but does no damage.
You block the gnoll's attack.
You see here a +0 whip.
The gnoll attacks as you move away! The gnoll hits you with a +0 whip.
You block the gnoll's attack.
The gnoll hits you from afar with a +0 halberd!
* * * LOW HITPOINT WARNING * * *
You block the kobold's attack.
You scratch the gnoll but do no damage. The gnoll hits you with a +0 spear.
* * * LOW HITPOINT WARNING * * *
You block the gnoll's attack. x2
The kobold hits you with a +0 short sword.
* * * LOW HITPOINT WARNING * * *
It was a potion of curing.
You feel better. You block the gnoll's attack.
The kobold hits you with a +0 short sword.
* * * LOW HITPOINT WARNING * * *
The gnoll hits you with a +0 whip!
* * * LOW HITPOINT WARNING * * *
The gnoll hits you with a +0 spear.
* * * LOW HITPOINT WARNING * * *
The kobold attacks as you move away!
The kobold hits you with a +0 short sword.
You die...

# # #.g...# + ##.######
#.....#.. ...#....#
#........ ####....#
#.<...... .# #....#
######........ .###....#
#............. ††.#....#
#..g..........# ##†.....####
#.Kgg..#......# ##†........#
###@##.#......# .#.#.......#
#.##.#......# ...........#
#..#.# .....# ..###......#
##.#.###..## #.#(#.#....#
####.#.....#### ..#.#......#
#....#........#
........#..###.###.........#
.##.##......##.# #.##......#
.#...#.###...#.# #.##......#


You could see 3 gnolls and a kobold.

Vanquished Creatures
  A gnoll (D:2)
  An adder (D:2)
  3 worms (D:2)
  3 dart slugs
  2 bats
  2 endoplasms
  3 goblins (D:1)
  4 hobgoblins
  A kobold (D:2)
  2 quokkas (D:1)
  6 ball pythons
  3 frilled lizards
  2 rats (D:1)
33 creatures vanquished.

Notes
Turn   | Place    | Note
-------+----------+-------------------------------------------
     0 | D:1      | xian the Troll Fighter began the quest for the Orb.
     0 | D:1      | Reached XP level 1. HP: 22/22 MP: 0/0
     0 | D:1      | Noticed an orb of fire
     1 | D:1      | Noticed a purple draconian
     3 | D:1      | Noticed a green draconian
     5 | D:1      | Noticed an orb of fire
     6 | D:1      | Noticed a golden dragon
     7 | D:1      | Noticed a tentacled monstrosity
     8 | D:1      | Noticed a shadow dragon
    10 | D:1      | Noticed a tentacled monstrosity
    12 | D:1      | Noticed a tentacled monstrosity
    12 | D:1      | Noticed a large abomination
    14 | D:1      | Noticed an orb of fire
    14 | D:1      | Noticed an ice dragon
    14 | D:1      | Noticed a golden dragon
    16 | D:1      | Noticed a green draconian
    16 | D:1      | Noticed an iron dragon
    18 | D:1      | Noticed an ice dragon
    18 | D:1      | Noticed an iron dragon
    67 | D:1      | Reached skill level 3 in Shields
    84 | D:1      | Reached XP level 2. HP: 29/29 MP: 1/1
   219 | D:1      | Found a faded altar of an unknown god.
   517 | D:2      | Reached XP level 3. HP: 33/36 MP: 2/2
   834 | D:2      | HP: 1/36 [gnoll/+0 spear (2)]
   835 | D:2      | Slain by a kobold

Illustrated notes

Levels and vault maps discovered:
D:1:      shiori_arrival_whats_in_store_for_you, layout_rooms,
          ebering_ecumenical_altar_box
D:2:      layout_basic, serial_shops, nicolae_diamond_shop, minmay_liquid_box,
          minmay_fractal_squares_5

Skill      XL: |  1 |
---------------+----+-----
Shields        | 3 |  3.3
Fighting       | |  2.6
Dodging        | |  2.9
Unarmed Combat | |  2.9

Action                   || total
-------------------------++-------
Melee: Unarmed           ||    91
Throw: Boomerang         ||     3
  Use: Potion            ||     1
Armor: Robe              ||    48
Dodge: Dodged            ||    41
Block: Kite shield       ||    56
